Map: [ESL] Hard Lead

Players

Spirit - Winner!

  • Race: Terran Terran
  • Spawn Location: 11:00

Clem

  • Race: Terran Terran
  • Spawn Location: 5:00

Event: ESL SC2 Masters 2023 Winter (Regional)

VOD

Have the link to the VOD?

Description

Time

  • Played on: Nov. 12, 2023, 10:51 a.m.
  • Length: 9:27

All games in this series

Show
View Real Time Build Order
Export as new Build Order

Spirit Terran - Winner!

Build Orders: Cyclone Opening, Reaper Expand 

Get SALT Encoding   

  12  0:00  SCV  
  13  0:12  SCV  
  14  0:17  Supply Depot  
  14  0:24  SCV  
  15  0:38  SCV  
  15  0:40  Barracks  
  16  0:43  Refinery  
  16  0:50  SCV  
  17  1:03  SCV  
  18  1:15  SCV  
  19  1:26  Reaper  
  19  1:27  Orbital Command  
  20  1:40  Command Center  
  20  1:50  Supply Depot  
  20  1:52  SCV  
  21  1:58  Marine  
  22  2:05  SCV  
  22  2:06  Factory  
  23  2:16  Marine  
  23  2:17  SCV  
  23  2:19  Bunker  
  25  2:25  Refinery  
  25  2:34  Marine, SCV  
  27  2:46  SCV  
  27  2:51  Cyclone  
  30  2:53  Orbital Command  
  30  2:56  Starport  
  30  2:58  SCV  
  31  3:03  Barracks Reactor  
  31  3:04  Refinery  
  31  3:10  SCV  
  32  3:19  SCV  
  33  3:22  SCV  
  33  3:23  Cyclone  
  36  3:31  SCV  
  36  3:32  Supply Depot  
  36  3:33  Starport Tech Lab  
  37  3:34  SCV  
  37  3:40  Marine  
  39  3:42  Marine  
  39  3:43  SCV  
  39  3:46  SCV  
  42  3:50  Supply Depot  
  42  3:51  Raven  
  42  3:53  Interference Matrix  
  44  3:55  SCV  
  44  3:56  Factory Tech Lab  
  44  3:59  SCV  
  46  4:08  SCV  
  49  4:11  SCV  
  49  4:16  Command Center  
  48  4:20  SCV  
  48  4:23  SCV  
  49  4:28  Raven  
  49  4:29  Marine  
  52  4:32  Stimpack, SCV  
  52  4:34  Factory Reactor  
  52  4:35  SCV  
  54  4:38  Barracks  
  54  4:43  Barracks  
  54  4:44  SCV  
  55  4:47  SCV  
  55  4:48  Supply Depot  
  55  4:52  Marine  
  57  4:56  SCV  
  57  4:59  SCV  
  59  5:03  Raven  
  59  5:05  Refinery  
  61  5:08  SCV  
  61  5:10  Marine  
  61  5:11  SCV, Supply Depot  
  64  5:17  Engineering Bay  
  64  5:18  Engineering Bay  
  64  5:20  SCV  
  65  5:23  SCV  
  65  5:24  Supply Depot  
  65  5:26  Marine x2  
  69  5:29  Marauder  
  69  5:30  Orbital Command  
  69  5:32  SCV  
  71  5:35  SCV  
  71  5:36  Marine x2  
  77  5:42  Siege Tank  
  77  5:45  Terran Infantry Weapons Level 1  
  77  5:46  Starport Reactor, Marine x2  
  79  5:50  Terran Infantry Armor Level 1, Marine  
  79  5:52  SCV  
  79  5:54  Supply Depot  
  79  5:56  SCV  
  82  5:57  Orbital Command  
  82  6:02  Marine  
  83  6:04  Marine, SCV  
  83  6:09  Marine  
  83  6:10  Supply Depot  
  85  6:11  Marine  
  85  6:12  Marine, Supply Depot  
  85  6:14  Siege Tank  
  85  6:15  Combat Shield  
  85  6:17  SCV  
  91  6:19  SCV  
  91  6:23  Marine x2, SCV  
  91  6:25  Medivac  
  97  6:27  Medivac, Marine  
  97  6:29  Marine  
  97  6:30  Marine  
  103  6:38  Sensor Tower  
  102  6:41  Marine x2  
  102  6:43  Supply Depot  
  102  6:44  Marine, SCV x2  
  102  6:46  SCV  
  102  6:47  Siege Tank, Marine  
  110  6:48  Marine  
  112  6:56  SCV  
  112  6:59  SCV, Marine x2  
  112  7:00  Barracks  
  116  7:01  Medivac  
  116  7:02  Barracks, Medivac, Marine  
  116  7:05  Marine  
  116  7:06  Marine  
  123  7:10  Supply Depot  
  123  7:11  SCV, Supply Depot, Refinery x2  
  123  7:12  SCV  
  123  7:15  Armory  
  125  7:16  Marine  
  125  7:17  Marine  
  125  7:20  Marine  
  125  7:21  SCV  
  125  7:22  Siege Tank, Marine  
  131  7:23  Marine  
  133  7:32  SCV x2, Medivac  
  133  7:33  Supply Depot x2  
  133  7:34  Marine  
  138  7:37  Marine  
  138  7:38  Marine  
  138  7:40  Marine  
  138  7:41  Marine  
  144  7:44  SCV x2  
  144  7:51  Barracks Reactor x2  
  144  7:52  Marine  
  144  7:55  Command Center, Marine  
  144  7:58  Marine  
  146  7:59  Marine x2  
  146  8:04  Siege Tank  
  152  8:10  Marine  
  151  8:12  Marine  
  151  8:14  Supply Depot  
  151  8:15  Supply Depot  
  151  8:16  Marine  
  151  8:17  Marine x2  
  155  8:28  Marine x2  
  155  8:29  Marine  
  155  8:30  Marine  
  155  8:31  Marine x2  
  155  8:34  Marine  
  137  8:35  Marine x2  
  137  8:36  Siege Tank  
  136  8:46  Marine x2  
  136  8:47  Marine  
  136  8:48  Marine  
  139  8:49  Marine x2  
  139  8:52  Marine x2  
  139  8:53  SCV, Marine  
  144  8:56  Viking  
  144  8:57  Viking  
  144  9:02  SCV  
  145  9:03  Marine  
  145  9:04  Marine  
  145  9:05  Marine  
  145  9:06  Marine  
  145  9:07  Marine x2  
  145  9:09  Marine  
Show
View Real Time Build Order
Export as new Build Order

Clem Terran 

Build Orders: 1/1/1 

Get SALT Encoding   

  12  0:00  SCV  
  13  0:12  SCV  
  14  0:16  Supply Depot  
  14  0:24  SCV  
  15  0:38  SCV  
  15  0:39  Barracks  
  16  0:42  Refinery  
  16  0:50  SCV  
  16  0:52  Refinery  
  17  1:02  SCV  
  18  1:14  SCV  
  19  1:26  Orbital Command, Reaper  
  19  1:30  Supply Depot  
  20  1:41  Factory  
  20  1:52  SCV  
  21  2:00  Barracks Reactor  
  21  2:04  SCV  
  22  2:18  Command Center  
  22  2:21  SCV  
  23  2:28  Starport  
  23  2:34  SCV  
  24  2:37  Marine  
  24  2:38  Marine  
  24  2:41  Factory Tech Lab  
  26  2:46  SCV  
  27  2:52  Supply Depot  
  27  2:58  SCV  
  27  3:05  Factory Tech Lab  
  28  3:06  Marine x2  
  28  3:11  SCV  
  31  3:14  Raven, Refinery  
  33  3:23  SCV  
  33  3:26  Cyclone  
  36  3:30  Orbital Command  
  36  3:36  SCV  
  37  3:44  Interference Matrix  
  38  3:48  SCV  
  40  3:56  Raven, SCV  
  40  4:00  SCV  
  42  4:06  Command Center  
  42  4:10  SCV  
  42  4:13  Siege Tank  
  42  4:16  SCV  
  47  4:17  Marine  
  47  4:19  Marine  
  47  4:23  SCV  
  50  4:27  Supply Depot  
  50  4:28  SCV  
  51  4:35  SCV  
  53  4:40  SCV  
  53  4:47  SCV  
  53  4:48  Siege Tank  
  53  4:51  Marine  
  58  4:53  SCV  
  58  4:54  Viking  
  58  4:58  Stimpack  
  58  4:59  SCV  
  62  5:04  Supply Depot  
  62  5:07  Viking, Barracks, SCV  
  62  5:10  Barracks  
  62  5:13  SCV  
  66  5:18  Orbital Command  
  66  5:19  SCV  
  67  5:23  Siege Tank  
  67  5:25  SCV  
  71  5:30  Viking  
  73  5:36  SCV  
  73  5:37  Viking, SCV  
  73  5:40  Refinery  
  73  5:41  Marine  
  78  5:44  SCV  
  78  5:48  SCV  
  78  5:49  SCV, Supply Depot  
  81  5:55  Siege Tank  
  81  5:56  SCV  
  85  5:59  Barracks Reactor x2  
  85  6:01  SCV x2  
  87  6:09  Engineering Bay  
  87  6:10  Engineering Bay  
  87  6:12  SCV  
  87  6:15  Supply Depot, SCV, Marine  
  90  6:19  SCV  
  90  6:24  Viking, SCV  
  94  6:27  Viking  
  94  6:30  Siege Tank  
  94  6:31  SCV  
  100  6:33  Marine  
  100  6:34  Supply Depot  
  100  6:37  Marine x2, SCV x2  
  100  6:39  Marine  
  106  6:40  Marine  
  106  6:44  SCV  
  108  6:48  Terran Infantry Weapons Level 1, Terran Infantry Armor Level 1  
  108  6:49  SCV  
  109  6:54  Supply Depot  
  109  6:55  SCV, Marine  
  109  6:56  Sensor Tower, Marine, SCV  
  109  6:57  Marine  
  109  7:01  SCV, Supply Depot  
  114  7:03  Marine x2  
  117  7:10  Supply Depot  
  117  7:13  Refinery  
  117  7:14  Refinery  
  117  7:15  Combat Shield, SCV, Marine, Siege Tank  
  117  7:17  Marine x2, Supply Depot  
  117  7:20  SCV x2  
  117  7:21  Marine  
  117  7:22  Marine  
  127  7:27  Medivac  
  127  7:28  SCV  
  129  7:31  Supply Depot  
  129  7:32  SCV  
  129  7:33  Marine  
  129  7:35  Marine  
  132  7:37  Barracks  
  132  7:39  Barracks  
  132  7:41  Marine x2  
  132  7:43  Supply Depot  
  134  7:48  Missile Turret, Armory  
  134  7:49  Siege Tank  
  134  7:50  Marine  
  138  7:52  Marine  
  138  7:53  Marine  
  139  8:00  Command Center  
  139  8:02  Marine x2  
  141  8:08  Marine  
  141  8:11  Factory, Marine  
  141  8:16  Medivac  
  141  8:17  Medivac  
  145  8:20  Marine, Supply Depot  
  145  8:21  Siege Tank, Marine  
  145  8:23  Marine  
  145  8:26  Marine  
  151  8:30  Marine  
  115  8:41  Marine x2  
  115  8:43  Barracks Reactor x2  
  115  8:45  SCV  
  115  8:46  Medivac, SCV x2  
  115  8:48  Marine x2  
  124  8:53  Siege Tank  
  127  8:58  SCV  
  127  8:59  Marine  
  127  9:00  Marine  
  127  9:01  SCV x2  
  131  9:06  Barracks Reactor, Marine  
  131  9:09  Marine  
Tags
 
Add a new tag
Caveats
  • Supply blocks, unpowered buildings, or Contaminate may cause inaccurate times.
  • Supply counts are checked every 10 seconds.